AoeStats
← Jonaayy

Black Forest

510699057Analyzed
2v2 RM · 17h ago on Oct 2, 2026· 50m 59s· 4 players
Game mode
Random Map
Map size
Medium (4 player)
Population
200
Speed
Normal
Resources
Standard
Victory
Conquest
Starting age
Dark Age
Ending age
Imperial Age
RankedLock teamsTeams togetherTeam positionsShared explorationLock speedFull tech treeHidden civsTurbo modeCheats
Victory
Defeat
🇬🇭 Aztecs · Ghana
689
+14
🇲🇽 Bohemians · Mexico
606
+18
🇺🇸 Slavs · United States
656
-35
🇺🇸 Burgundians · United States
641
-34
ROMA
15:21 Feudal Age
15:47 Double-Bit Axe
16:51 Wheelbarrow
16:11 Loom
16:34 Town Watch
16:39 Horse Collar
17:15 Stone Mining
17:16 Gold Mining
19:44 Forging
21:55 Fletching
22:07 Padded Archer Armor
24:36 Castle Age
24:40 Gold Mining
26:52 Hand Cart
27:11 Bow Saw
27:32 Heavy Plow
30:24 Scale Mail Armor
30:30 Scale Barding Armor
31:00 Iron Casting
31:35 Gold Shaft Mining
32:11 Chain Mail Armor
33:25 Chain Barding Armor
35:51 Caravan
36:22 Coinage
41:36 Imperial Age
39:29 Sanctity
41:49 Devotion
41:45 Herbal Medicine
43:01 Husbandry
43:11 Bloodlines
44:44 Banking
44:34 Cavalier
49:41 Plate Mail Armor
49:47 Plate Barding Armor
50:13 Blast Furnace
Jonaayy
14:47 Wheelbarrow
15:52 Horse Collar
16:02 Double-Bit Axe
23:21 Feudal Age
27:19 Stone Mining
27:24 Gold Mining
27:49 Bow Saw
32:54 Castle Age
31:38 Heavy Plow
33:47 Gold Shaft Mining
33:50 Stone Shaft Mining
33:01 Pikeman
33:44 Squires
33:29 Arson
33:09 Man-at-Arms
42:46 Hand Cart
42:57 Hand Cart
45:19 Town Watch
46:26 Forging
46:17 Scale Mail Armor
46:22 Scale Barding Armor
46:08 Fletching
46:18 Padded Archer Armor
51:31 Imperial Age
sinko peso
7:35 Loom
14:19 Feudal Age
15:15 Double-Bit Axe
16:37 Wheelbarrow
18:02 Horse Collar
20:34 Man-at-Arms
24:49 Castle Age
23:13 Fletching
26:01 Bow Saw
25:56 Heavy Plow
25:59 Caravan
25:33 Long Swordsman
26:15 Squires
25:36 Pikeman
27:46 Hand Cart
32:14 Town Watch
34:00 Wagenburg Tactics
35:25 Town Patrol
39:01 Imperial Age
37:44 Fortified Wall
37:55 Ballistics
37:29 Guard Tower
37:50 Masonry
39:09 Forging
39:00 Scale Mail Armor
41:11 Chemistry
41:04 Iron Casting
41:35 Two-Man Saw
41:04 Elite Hussite Wagon
42:05 Conscription
43:07 Siege Engineers
43:38 Keep
43:01 Houfnice
43:55 Guilds
47:34 Architecture
kamal2k00
14:04 Feudal Age
15:54 Wheelbarrow
15:17 Stone Mining
15:18 Gold Mining
15:18 Double-Bit Axe
15:16 Horse Collar
22:56 Castle Age
25:51 Hand Cart
25:48 Bow Saw
25:40 Heavy Plow
26:18 Stone Shaft Mining
26:19 Gold Shaft Mining
25:58 Forging
25:49 Scale Mail Armor
31:09 Iron Casting
30:49 Chain Mail Armor
30:49 Caravan
34:47 Imperial Age
35:54 Conscription
34:57 Elite Jaguar Warrior
36:51 Blast Furnace
36:21 Plate Mail Armor
38:00 Crop Rotation
39:34 Garland Wars
Connection lost

Rejoining the realm…

Still unreachable

The connection could not be restored.

Session expired

The server has moved on; the page needs a fresh start.